 Dungeon Crawl Stone Soup version 0.31-a0-819-gf6de2f5ab6 (webtiles) character file.

Game seed: 13739498353676234253

142 qw the Shooter (level 5, -1/32 HPs)
             Began as a Gargoyle Hunter on Sept 23, 2023.
             Slain by a goblin
             ... wielding a +0 dagger
             ... led by Robin
              (3 damage)
             ... on level 2 of the Dungeon.
             The game lasted 00:00:37 (1147 turns).

qw the Shooter (Gargoyle Hunter)                    Turns: 1147, Time: 00:00:38

Health: -1/32      AC:  9    Str: 15    XL:     5   Next: 24%
Magic:  5/5        EV: 11    Int:  9    God:
Gold:   68         SH:  0    Dex: 15    Spells: 4/4 levels left

rFire   . . .        Y - +0 shortbow
rCold   + . .        (shield currently unavailable)
rNeg    + . .        c - +0 leather armour
rPois   inf          (no helmet)
rElec   +            e - +0 cloak
rCorr   .            (no gloves)
SInv    .            j - +0 pair of boots
Will    .....        (no amulet)
Stlth   ++           g - ring of protection from cold
HPRegen 0.25/turn    (no ring)
MPRegen 0.09/turn

%: no passive effects
@: no status effects
A: sickness immunity, AC +4, negative energy resistance 1, electricity
resistance, torment resistance 1, petrification resistance
a: no special abilities


You were on level 2 of the Dungeon.
You visited 1 branch of the dungeon, and saw 2 of its levels.

You collected 124 gold pieces.
You spent 56 gold pieces at shops.


Innate Abilities, Weirdness & Mutations

You are immune to sickness and miasma.
Your stone body is resilient. (AC +4)
You are immune to poison.
You resist negative energy. (rN+)
You are resistant to electric shocks. (rElec)
You are resistant to unholy torment.
You are immune to petrification.


   Skills:
 - Level 3.5 Fighting
 + Level 5.5 Ranged Weapons
 - Level 1.5 Armour
 - Level 1.5 Dodging
 - Level 1.1 Stealth


You had 4 spell levels left.
You didn't know any spells.
Your spell library was empty.

Inventory:

Hand Weapons
 Y - a +0 shortbow (weapon)
Armour
 b - a +0 ring mail
 c - a +0 leather armour (worn)
 e - a +0 cloak (worn)
 j - a +0 pair of boots (worn)
Jewellery
 a - an amulet of reflection
 g - a ring of protection from cold (left hand)
Scrolls
 d - 3 scrolls of identify

Dungeon Overview and Level Annotations

Branches:
Dungeon (2/15)

Altars:
Makhleb

Shops:
D:1 [*[

Annotations:
D:2 Robin


Message History

The hobgoblin is almost dead.
Robin roars a battlecry!
The goblin goes into a battle-frenzy!
The hobgoblin barely misses you. The goblin hits you but does no damage.
You shoot an arrow. The arrow hits the hobgoblin.
You kill the hobgoblin!
The goblin misses you.
You shoot an arrow. The arrow misses the goblin.
The arrow closely misses the goblin.
The arrow closely misses the kobold.
The arrow hits the goblin.
The goblin is severely wounded.
The goblin hits you but does no damage.
You shoot an arrow. The arrow barely misses the goblin. x2
The arrow closely misses the kobold.
The arrow hits the goblin.
You kill the goblin!
The goblin no longer looks unusually strong.
You shoot an arrow. The arrow barely misses the goblin.
Robin throws the goblin at you! The goblin completely misses you.
The goblin hits you but does no damage. The goblin hits you with a +0 dagger.
The goblin closely misses you. x2; The goblin hits you with a +0 dagger.
You shoot an arrow. The arrow closely misses the goblin.
The goblin hits you but does no damage. x3
You shoot an arrow. The arrow closely misses the goblin.
The goblin barely misses you. The goblin closely misses you.
The goblin hits you but does no damage.
Robin roars a battlecry!
You shoot an arrow.
The arrow hits the goblin but does no damage.
The goblin hits you but does no damage. The goblin closely misses you.
The goblin barely misses you.
You shoot an arrow. The arrow hits the goblin.
The goblin is heavily wounded.
The goblin hits you but does no damage. x3
You shoot an arrow. The arrow barely misses the goblin.
The goblin hits you but does no damage. x3
You shoot an arrow. The arrow hits the goblin!
You kill the goblin!
Robin throws the goblin at you! The goblin hits you with a +0 club.
The goblin hits you with a +0 dagger.
You die... # # ..# .......# ..# ......# #.# )....# ..# ...)# ..# .gb# #.# Kb#

..# #######g#
..########.....g@##
................)g....#
##########.##########.#
#%.# ####%## #.....#
#.....# #.....#
######.....#


You could see Robin, 3 goblins, 2 bats and a kobold.

Vanquished Creatures
  Natasha (thrice) (D:2)
  An adder (D:2)
  A worm (D:2)
  3 dart slugs (D:1)
  A bat (D:2)
  8 endoplasms
  A giant cockroach (D:1)
  7 goblins
  5 hobgoblins
  8 jackals (D:1)
  4 kobolds
  A quokka (D:2)
  A ball python (D:1)
  2 frilled lizards (D:1)
  2 rats
48 creatures vanquished.

Notes
Turn   | Place    | Note
-------+----------+-------------------------------------------
     0 | D:1      | qw the Gargoyle Hunter began the quest for the Orb.
     0 | D:1      | Reached XP level 1. HP: 12/12 MP: 1/1
     0 | D:1      | 0 ||| qw: Version: 0.3-a-83-gcd0e7d8
     0 | D:1      | 0 ||| qw: Game counter: 1455
     0 | D:1      | 0 ||| qw: Melee chars always use a shield: true
     0 | D:1      | 0 ||| qw: God list: Okawaru
     0 | D:1      | 0 ||| qw: Allow faded altars: false
     0 | D:1      | 0 ||| qw: Do Orc after clearing Dungeon:15 true
     0 | D:1      | 0 ||| qw: Do second Lair branch before Depths: true
     0 | D:1      | 0 ||| qw: Lair rune preference: random
     0 | D:1      | 0 ||| qw: Goals: Normal
     0 | D:1      | 0 ||| PLANNING D:1-11
    51 | D:1      | Reached XP level 2. HP: 17/17 MP: 2/2
   154 | D:1      | Found Ryimmeh's Antique Armour Emporium.
   163 | D:1      | 163 ||| SHOPLISTING ring mail (76 gold, have 17).
   292 | D:1      | Reached XP level 3. HP: 15/21 MP: 3/3
   369 | D:1      | Reached skill level 5 in Ranged Weapons
   458 | D:1      | Found Jenaecub's Antique Armour Boutique.
   466 | D:1      | 466 ||| SHOPLISTING pair of runed gloves (232 gold, have
                  | 51).
   466 | D:1      | 466 ||| SHOPLISTING ring mail (124 gold, have 51).
   608 | D:1      | Found Kudoumuf's General Store.
   611 | D:1      | 611 ||| BUYING 2 scrolls of identify (56 gold).
   611 | D:1      | Bought 2 scrolls of identify for 56 gold pieces
   611 | D:1      | 611 ||| SHOPLISTING potion of heal wounds (70 gold, have
                  | 20).
   611 | D:1      | 611 ||| SHOPLISTING potion of resistance (140 gold, have
                  | 20).
   678 | D:1      | 678 ||| UPGRADING to +0 cloak.
   683 | D:1      | 683 ||| UPGRADING to +0 pair of boots.
   688 | D:1      | 688 ||| UPGRADING to ring of protection from cold.
   689 | D:1      | 689 ||| READING scroll labelled WEKKUIC ZUQIO.
   690 | D:1      | 690 ||| READING scroll labelled IBREIRGHOECE.
   695 | D:1      | 695 ||| READING 4 scrolls of identify.
   695 | D:1      | 695 ||| IDENTIFYING smoky orange potion
   696 | D:1      | 696 ||| DROPPING scroll of butterflies.
   697 | D:1      | 697 ||| DROPPING potion of ambrosia.
   732 | D:2      | Found a burning altar of Makhleb.
   857 | D:2      | Noticed Natasha
   869 | D:2      | Killed Natasha
   870 | D:2      | Reached skill level 3 in Fighting
   870 | D:2      | Reached XP level 4. HP: 16/28 MP: 4/4
   902 | D:2      | Noticed Natasha
   910 | D:2      | Killed Natasha
   911 | D:2      | Reached skill level 1 in Armour
  1021 | D:2      | Noticed Natasha
  1030 | D:2      | Killed Natasha
  1031 | D:2      | Reached XP level 5. HP: 20/32 MP: 5/5
  1121 | D:2      | Noticed Robin
  1134 | D:2      | HP: 8/32 [hobgoblin[Robin] (6)]
  1141 | D:2      | HP: 2/32 [goblin/+0 dagger[Robin] (5)]
  1147 | D:2      | HP: 2/32 [goblin/+0 club[Robin] (1)]
  1147 | D:2      | Slain by a goblin

Levels and vault maps discovered:
D:1:      dpeg_arrival_short_road, layout_basic, serial_shops, shop, shop,
          nicolae_shop_pleasant_corner_grove
D:2:      layout_basic, basic_altar, hangedman_abyss_or_decor_stabs,
          columned_hall_lemuel, nicolae_eternal_life, minmay_misc_feat_tiny,
          uniq_natasha, uniq_robin

Skill      XL: |  1  2  3  4 |
---------------+-------------+-----
Ranged Weapons | 5 |  5.5
Fighting       | 3 |  3.5
Armour         | 1 |  1.5
Dodging        | |  1.5
Stealth        | |  1.1

Action                     |  1- 3 |  4- 6 || total
---------------------------+-------+-------++-------
   Fire: Shortbow          |   103 |    59 ||   162
    Use: Scroll            |     3 |       ||     3
 Armour: Leather armour    |    30 |    47 ||    77
  Dodge: Dodged            |    30 |    52 ||    82

Table legend:
 A = Non-vault XP
 B = Vault XP
 C = Vault XP percentage of total XP
 D = Non-vault monster count
 E = Vault monster count
 F = Vault count percentage of total count
                 A         B        C        D         E       F
            +---------+---------+-------+---------+---------+-------
      Total |     154 |      51 |  24.9 |      39 |       9 |  18.8
            +---------+---------+-------+---------+---------+-------
        D:1 |      55 |       0 |   0.0 |      27 |       0 |   0.0
        D:2 |      99 |      51 |  34.0 |      12 |       9 |  42.9
            +---------+---------+-------+---------+---------+-------
